 Dungeon Crawl Stone Soup version 0.21.1-1-g345015fe64 (webtiles) character file.

189 JarielCorvus the Magician (level 5, -5/28 HPs)
             Began as a Deep Elf Venom Mage on June 20, 2018.
             Slain by a centaur skeleton (6 damage)
             ... on level 4 of the Dungeon.
             The game lasted 00:05:37 (1707 turns).

JarielCorvus the Magician (Deep Elf Venom Mage)     Turns: 1707, Time: 00:05:38

Health: -5/28      AC:  8    Str:  5    XL:     5   Next: 40%
Magic:  1/15       EV: 13    Int: 21    God:
Gold:   102        SH:  0    Dex: 15    Spells: 9/15 levels left

rFire    . . .     SeeInvis .   i - +0 dagger
rCold    . . .     Gourm    .   (no shield)
rNeg     . . .     Faith    .   a - +0 robe
rPois    .         Spirit   .   (no helmet)
rElec    .         Reflect  .   (no cloak)
rCorr    .         Harm     .   g - +0 pair of gloves
MR       .....                  e - +0 pair of boots
Stlth    ++........             (no amulet)
HPRegen  0.09/turn              m - +4 ring of protection
MPRegen  0.14/turn              (no ring)

@: no status effects
A: no striking features
a: no special abilities


You were on level 4 of the Dungeon.
You were not hungry.

You visited 1 branch of the dungeon, and saw 3 of its levels.

You collected 102 gold pieces.

Inventory:

Hand Weapons
 i - a +0 dagger (weapon)
Armour
 a - a +0 robe (worn)
 e - a +0 pair of boots (worn)
 g - a +0 pair of gloves (worn)
Jewellery
 m - a +4 ring of protection (left hand)
Scrolls
 h - 3 scrolls of remove curse
 k - 3 scrolls of teleportation
Potions
 d - a potion of invisibility
 f - a potion of brilliance
 l - a potion of mutation {unknown}
Books
 b - a Young Poisoner's Handbook

   Spells                             Type                      Level
   a - Sting                          Conjuration/Poison           1
   b - Poisonous Vapours              Poison/Air                   2
   c - Mephitic Cloud                 Conjuration/Poison/Air       3
   d - Olgreb's Toxic Radiance        Poison                       4
   e - Venom Bolt                     Conjuration/Poison           5
Comestibles
 c - 5 rations


   Skills:
 - Level 2.4 Dodging
 - Level 2.4 Stealth
 * Level 5.8 Spellcasting
 + Level 3.0 Conjurations
 + Level 4.4 Poison Magic


You had 9 spell levels left.
You knew the following spells:

 Your Spells              Type           Power        Failure   Level  Hunger
a - Sting                 Conj/Pois      ###.         2%          1    None
b - Poisonous Vapours     Pois/Air       ###...       6%          2    None
c - Mephitic Cloud        Conj/Pois/Air  ###.....     11%         3    ##.....


Dungeon Overview and Level Annotations

Branches:
Dungeon (2/15)

Altars:
Okawaru


Message History

You hit the centaur skeleton.
The centaur skeleton is lightly damaged.
The centaur skeleton hits you.
* * * LOW HITPOINT WARNING * * *
You hit the centaur skeleton.
The centaur skeleton is moderately damaged.
The centaur skeleton hits you.
* * * LOW HITPOINT WARNING * * *
You hit the centaur skeleton.
The centaur skeleton is moderately damaged.
The centaur skeleton hits you.
* * * LOW HITPOINT WARNING * * *
You hit the centaur skeleton.
The centaur skeleton is heavily damaged.
The centaur skeleton barely misses you.
The centaur skeleton hits you but does no damage.
You hit the centaur skeleton.
The centaur skeleton is heavily damaged.
The centaur skeleton hits you.
You die...

###.........<......
#................
#.........S...)..
#.........PPPPP.# ###
#......#..P$$$P##
#...#....).#..P$$$Poo
#.........††...P$$$P#
#........Z##....PPPPP#
#.......#@###.....####
#.........# #........
##.....#..# #.........
#.....#..# ......####
..........$.###.... ..
....... .... . .....
.......


You could see a centaur skeleton.

Vanquished Creatures
  An ogre (D:4)
  2 worker ants (D:4)
  An adder (D:4)
  A worm (D:2)
  2 dart slugs (D:1)
  A leopard gecko (D:4)
  5 bats
  3 giant cockroaches
  6 goblins
  2 hobgoblins (D:1)
  5 jackals (D:1)
  6 kobolds
  A quokka (D:4)
  3 frilled lizards
  4 rats
43 creatures vanquished.

Vanquished Creatures (others)
  A fungus (D:4)
1 creature vanquished.

Grand Total: 44 creatures vanquished

Notes
Turn   | Place    | Note
-------+----------+-------------------------------------------
     0 | D:1      | JarielCorvus the Deep Elf Venom Mage began the quest for the Orb.
     0 | D:1      | Reached XP level 1. HP: 10/10 MP: 6/6
   211 | D:1      | Reached XP level 2. HP: 15/15 MP: 1/8
   338 | D:1      | Learned a level 2 spell: Poisonous Vapours
   594 | D:1      | Reached skill level 4 in Spellcasting
   735 | D:1      | Reached XP level 3. HP: 19/19 MP: 7/10
  1158 | D:2      | Learned a level 3 spell: Mephitic Cloud
  1518 | D:2      | You fall through a shaft for 2 floors!
  1518 | D:4      | Found an iron altar of Okawaru.
  1569 | D:4      | Reached XP level 4. HP: 24/24 MP: 1/12
  1680 | D:4      | Noticed an ogre
  1693 | D:4      | Reached skill level 5 in Spellcasting
  1699 | D:4      | Killed an ogre
  1699 | D:4      | Reached XP level 5. HP: 9/28 MP: 0/15
  1705 | D:4      | HP: 1/28 [centaur skeleton (3)]
  1707 | D:4      | Slain by a centaur skeleton

Skill      XL: |  1  2  3  4 |
---------------+-------------+-----
Spellcasting   | 4 5 |  5.8
Conjurations   | 2 3 |  3.0
Poison Magic   | 4 |  4.4
Dodging        | |  2.4
Stealth        | |  2.4

Action                   |  1- 3 |  4- 6 || total
-------------------------+-------+-------++-------
Melee: Dagger            |       |    22 ||    22
 Cast: Sting             |    49 |    10 ||    59
       Poisonous Vapours |    22 |     1 ||    23
       Mephitic Cloud    |       |     1 ||     1
  Use: Scroll            |     6 |       ||     6
       Potion            |     1 |       ||     1
  Eat: Chunk             |     2 |     1 ||     3
Armor: Robe              |     3 |     4 ||     7
Dodge: Dodged            |    17 |    10 ||    27
